 Dungeon Crawl Stone Soup version 0.30-a0-1160-g6e42c06551 (webtiles) character file.

Game seed: 6629691326924176428

45864 senseless the Thaumaturge (level 14, -4/101 HPs)
             Began as a Djinni Fire Elementalist on Apr 21, 2023.
             Was the Champion of Qazlal.
             Slain by a cane toad (14 damage)
             ... on level 4 of the Lair of Beasts on Apr 26, 2023.
             The game lasted 01:24:27 (20317 turns).

senseless the Thaumaturge (DjFE)                   Turns: 20317, Time: 01:24:28

Health: -4/101     AC: 24    Str: 19    XL:     14   Next: 73%
Gold:   1007       EV: 15    Int: 22    God:    Qazlal [******] SH: 13 Dex: 12

rFire   + + +        b - staff of fire "Ixesh" {rF+ rCorr Str+9 Dex-2}
rCold   . . .        (no shield)
rNeg    . . .        P - +8 ring mail of Ubagacu {Str+3}
rPois   ∞            p - +0 helmet
rElec   .            E - +2 cloak
rCorr   +            w - +1 pair of gloves
SInv    .            (boots unavailable)
Will    +....        k - amulet of reflection
Stlth   +            i - ring of protection from fire
HPRegen 0.36/turn    S - ring of protection from cold
MPRegen 0.00/turn

%: repel missiles, reflection, infuse magic (-5 HP)
@: protected from physical damage, flying, studying Polearms
A: sickness immunity, fire resistance 2, cold vulnerability 1, float, innate
caster, HP casting, extra vitality 1
a: Renounce Religion, Upheaval, Elemental Force, Disaster Area


You were on level 4 of the Lair of Beasts.
You worshipped Qazlal.
Qazlal was exalted by your worship.
You visited 2 branches of the dungeon, and saw 18 of its levels.
You also visited: Sewer.

You collected 1176 gold pieces.
You spent 169 gold pieces at shops.

Inventory:

Hand Weapons
 a - the +7 spear of Eternal Vigilance {freeze, rPois rN+ Will+}
   (You found it on level 6 of the Dungeon)

   rPois:     It protects you from poison.
   rN:        It protects you from negative energy.
   Will:      It increases your willpower.
 l - a +4 war axe of freezing
 C - the +2 hammer of Gupuelun {antimagic, Fragile rElec rPois rN+}
   (You found it on level 7 of the Dungeon)

   rElec:     It insulates you from electricity.
   rPois:     It protects you from poison.
   rN:        It protects you from negative energy.
   Fragile:   It will be destroyed if unequipped.
 Q - a +3 dagger of venom
Armour
 p - a +0 helmet (worn)
 s - a +2 robe of willpower
 w - a +1 pair of gloves (worn)
 E - a +2 cloak (worn)
 P - the +8 ring mail of Ubagacu (worn) {Str+3}
   (You found it on level 9 of the Dungeon)

   Str:       It affects your strength (+3).
Magical Staves
 b - the staff of fire "Ixesh" (weapon) {rF+ rCorr Str+9 Dex-2}
   (You acquired it on level 7 of the Dungeon)

   [staff of fire]

   Your inability to study Fire Magic prevents you from drawing on the full
   power of this staff in melee.
   Base accuracy: +5 Base damage: 5 Base attack delay: 1.2 This weapon's minimum
   attack delay (0.6) is reached at skill level 12.
   Str:       It affects your strength (+9).
   Dex:       It affects your dexterity (-2).
   rF:        It protects you from fire.
   rCorr:     It protects you from acid and corrosion.
   It falls into the 'Staves' category.
   It is a one-handed weapon.
Jewellery
 i - a ring of protection from fire (left hand)
 k - an amulet of reflection (around neck)
 m - a ring of ice
 S - a ring of protection from cold (right hand)
Wands
 v - a wand of charming (4)
 z - a wand of digging (4)
 B - a wand of mindburst (22)
 L - a wand of acid (4)
 M - a wand of flame (40)
 R - a wand of iceblast (7)
Scrolls
 c - 5 scrolls of torment
 d - 3 scrolls of enchant weapon
 g - 10 scrolls of teleportation
 h - 2 scrolls of blinking
 r - 2 scrolls of fog
 y - 5 scrolls of identify
 F - a scroll of butterflies
 G - 4 scrolls of poison
 I - 2 scrolls of fear
 J - 2 scrolls of magic mapping
 N - 4 scrolls of brand weapon
 U - a scroll of silence
Potions
 e - 5 potions of curing
 f - a potion of resistance
 n - 5 potions of attraction
 o - 2 potions of invisibility
 q - 3 potions of cancellation
 t - 2 potions of might
 u - 4 potions of brilliance
 x - 6 potions of mutation
 A - 5 potions of lignification
 D - 2 potions of ambrosia
 H - a potion of haste
 O - 3 potions of berserk rage
 T - a potion of heal wounds
Miscellaneous
 j - a lightning rod (4/4)
 K - a box of beasts


   Skills:
 + Level 9.5 Fighting
 + Level 5.3(6.3) Polearms
 - Level 5.6(6.8) Staves
 + Level 7.1 Armour
 + Level 12.0 Dodging
 - Level 4.8 Stealth
 * Level 12.1 Spellcasting
 * Level 4.8 Invocations


You knew the following spells:

 Your Spells              Type           Power      Damage    Failure   Level
a - Foxfire               Conj/Fire      100%       2x1d9     1%          1
b - Scorch                Fire           100%       2d9       1%          2
c - Volatile Blastmotes   Fire/Tloc      100%       2d18      1%          3
d - Inner Flame           Hex/Fire       79%        N/A       1%          3
e - Flame Wave            Conj/Fire      79%        2d17      1%          4
f - Necrotise             Necr           100%       1d9       1%          1
g - Call Imp              Summ           100%       N/A       1%          2
h - Passwall              Tmut/Erth      50%        N/A       1%          2
i - Iskenderun's Mystic   Conj/Tloc      61%        2d13      1%          4
j - Iskenderun's Battles  Conj           61%        2d11      1%          5
k - Lee's Rapid Deconstr  Erth           30%        3d16*     1%          5
Your spell library was empty.

Dungeon Overview and Level Annotations

Branches:
Dungeon (13/15)            Temple (0/1) D:6            Lair (5/5) D:10
 Shoals (0/4) Lair:2       Spider (0/4) Lair:2          Orc (0/2) D:11
  Sewer (visited)
  Slime: Lair:4-5    Vaults: D:13-14

Altars:
Cheibriados
Fedhas
Gozag
Qazlal
Trog
Uskayaw
Wu Jian
Xom
Yredelemnul

Shops:
D:3 *


Innate Abilities, Weirdness & Mutations

You are immune to sickness and miasma.
You are immune to poison.
Your flesh is very heat resistant. (rF++)
You are vulnerable to cold. (rC-)
You float through the air rather than walking.
You learn spells naturally, not from books.
Your magical power is your life essence.
You have superior vitality. (+4 MHP)


Message History

The elephant is engulfed in blazing flames.
You kill the elephant!
Qazlal accepts your kill.
Okay, then.
Casting: Scorch (safe; 1% risk of failure)
Confirm with . or Enter, or press ? or * to list all spells.
You don't know that spell.
Casting: Scorch (safe; 1% risk of failure)
Confirm with . or Enter, or press ? or * to list all spells.
You erupt in a blast of force!
The mystic blast hits the cane toad!
The cane toad is severely wounded.
The cane toad is knocked back by the mystic blast.
The mystic blast hits the elephant!
The elephant is severely wounded.
* * * LOW HITPOINT WARNING * * *
A komodo dragon comes into view.
The elephant is engulfed in blazing flames.
The elephant tramples you.
* * * LOW HITPOINT WARNING * * *
You hold your ground!
The elephant misses you.
Casting: Iskenderun's Mystic Blast (mildly dangerous; 1% risk of failure)
Confirm with . or Enter, or press ? or * to list all spells.
You feel a surge of power!
Flames lash the elephant.
You kill the elephant!
Qazlal accepts your kill.
* * * LOW HITPOINT WARNING * * *
The cane toad closely misses you.
The cane toad stings you but does no damage.
The cane toad attacks as you move away! You block the cane toad's attack. x2
There is a stone staircase leading up here.
You block the cane toad's attack. The cane toad stings you.
* * * LOW HITPOINT WARNING * * *
The cane toad misses you.
You fly upwards.
There is a stone staircase leading down here.
Casting: Scorch (safe; 1% risk of failure)
Confirm with . or Enter, or press ? or * to list all spells.
You don't have enough health to cast this spell.
You feel better. The cane toad stings you!
You die...

#...........##
#............###
##.............###
##................#
#P................##
##.................#####
#......○○.......PP..##.#
##<...§.......##P......#
##....@F§....###.......
#...F○.°...## ####....
###.§○....## ###..
##......# ### ###..### #
#...# ##..## #P...#
##...# #


You could see 2 cane toads.

Vanquished Creatures
  The ghost of askman the Nimble, a journeyman DsMo of Cheibriados (Lair:3)
  Josephine (Lair:4)
  6 hydras
  A catoblepas (Lair:2)
  4 two-headed ogres
  2 boulder beetles
  4 death yaks
  Sonja (Lair:3)
  Amaemon (Lair:1)
  4 harpies (Lair:2)
  A manticore (D:12)
  An orc sorcerer (D:11)
  A cyclops (D:12)
  3 elephants (Lair:5)
  5 black mambas
  An orange demon (Lair:1)
  Maggie (Lair:2)
  6 komodo dragons
  A kobold demonologist (D:12)
  An unseen horror (D:11)
  9 cane toads
  2 rime drakes
  2 trolls
  A hornet (D:10)
  A polar bear (Lair:4)
  2 dream sheep (D:12)
  12 blink frogs
  8 slime creatures (D:12)
  3 wyverns
  9 wraiths
  2 shadows
  35 yaks
  10 vampire mosquitoes
  9 water moccasins
  4 black bears
  A hornet zombie (D:7)
  4 orc warriors
  2 sky beasts
  22 wolves
  A centaur (D:6)
  2 phantoms
  4 kobold brigands
  16 bullfrogs
  Blork the orc (D:4)
  3 wyvern zombies (D:7)
  2 scorpions
  9 wights
  7 killer bees
  6 howler monkeys
  A bullfrog zombie (D:7)
  A centaur zombie (D:7)
  9 orc priests
  3 jellies
  A gnoll bouda (D:6)
  Crazy Yiuf (D:7)
  2 hounds
  A sleepcap (D:6)
  An iguana (D:7)
  Natasha (twice) (D:4)
  14 orc wizards
  A killer bee zombie (D:7)
  8 ogre zombies (D:11)
  A howler monkey zombie (D:7)
  3 gnolls (D:6)
  9 adders
  A white imp (D:6)
  2 ufetubi
  2 worms
  4 dart slugs
  34 orcs
  6 bats
  12 endoplasms
  14 giant cockroaches
  8 goblins
  7 hobgoblins
  4 jackals (D:1)
  14 quokkas
  16 ball pythons
  20 frilled lizards
  4 goblin skeletons (D:11)
  3 goblin zombies (D:11)
  2 hobgoblin zombies (D:11)
  5 kobolds
  4 orc skeletons (D:11)
  12 orc zombies (D:11)
  4 rats
  A foxfire (D:3)
472 creatures vanquished.

Vanquished Creatures (collateral kills)
  A death yak (D:10)
  A foxfire (D:10)
2 creatures vanquished.

Vanquished Creatures (others)
  A two-headed ogre (D:11)
  A manticore (D:11)
  448 foxfires
  9 fungi
  17 plants
476 creatures vanquished.

Grand Total: 950 creatures vanquished

Notes
Turn   | Place    | Note
-------+----------+-------------------------------------------
     0 | D:1      | senseless the Djinni Fire Elementalist began the quest for
                  | the Orb.
     0 | D:1      | senseless set off with the following spells memorised:
                  | Foxfire, Scorch, Volatile Blastmotes, Inner Flame, Flame
                  | Wave.
     0 | D:1      | Reached XP level 1. HP: 15/15 MP: 0/0
   120 | D:1      | Reached XP level 2. HP: 14/21 MP: 0/0
   443 | D:1      | Reached XP level 3. HP: 22/25 MP: 0/0
   443 | D:1      | Learned a level 1 spell: Necrotise
   668 | D:1      | Found a faded altar of an unknown god.
   760 | D:1      | Prayed at the altar of an unknown god.
   760 | D:1      | Became a worshipper of Qazlal Stormbringer
   760 | D:1      | Reached * piety under Qazlal
   834 | D:1      | Upgraded the game from 0.30-a0-1116-gebefce21f7 to
                  | 0.30-a0-1123-gabc949cf19
   881 | D:2      | Identified the orb "Nonol" {*Rage, Dex+3}
  1450 | D:3      | Noticed a scorpion
  1457 | D:3      | Killed a scorpion
  1458 | D:3      | Reached XP level 4. HP: 20/31 MP: 0/0
  1458 | D:3      | Reached XP level 5. HP: 23/35 MP: 0/0
  1458 | D:3      | Learned a level 2 spell: Call Imp
  1686 | D:3      | Found Keskeor's General Store.
  1694 | D:3      | Bought a potion of curing for 39 gold pieces
  1694 | D:3      | Bought a scroll of butterflies for 52 gold pieces
  1694 | D:3      | Bought a potion of heal wounds for 65 gold pieces
  1694 | D:3      | Bought a scroll of noise for 13 gold pieces
  1974 | D:4      | Reached ** piety under Qazlal
  1976 | D:4      | Reached XP level 6. HP: 28/40 MP: 0/0
  2109 | D:4      | Noticed Natasha
  2117 | D:4      | Killed Natasha
  2270 | D:4      | Noticed Blork the orc
  2284 | D:4      | Killed Blork the orc
  2311 | D:4      | Noticed a water moccasin
  2319 | D:4      | Killed a water moccasin
  2320 | D:4      | Reached XP level 7. HP: 14/45 MP: 0/0
  2320 | D:4      | Learned a level 2 spell: Passwall
  2439 | D:4      | Found an ornate altar of the Wu Jian Council.
  2878 | D:4      | Noticed Natasha
  2880 | D:4      | Killed Natasha
  3028 | D:4      | Noticed a water moccasin
  3050 | D:4      | Killed a water moccasin
  3051 | D:4      | Reached skill level 5 in Dodging
  3051 | D:4      | Reached skill level 5 in Spellcasting
  3051 | D:4      | Reached XP level 8. HP: 35/50 MP: 0/0
  3246 | D:5      | Entered Level 5 of the Dungeon
  3376 | D:5      | Found a glowing drain.
  3454 | Sewer    | Entered a sewer
  3580 | Sewer    | Reached *** piety under Qazlal
  4487 | D:5      | Noticed a wraith
  4494 | D:5      | Killed a wraith
  5071 | D:6      | Found a staircase to the Ecumenical Temple.
  5233 | D:6      | Identified the +7 spear of Eternal Vigilance {freeze, rPois
                  | rN+ Will+}
  5258 | D:6      | Found a shimmering altar of Xom.
  5274 | D:6      | Reached XP level 9. HP: 33/56 MP: 0/0
  5274 | D:6      | Learned a level 4 spell: Iskenderun's Mystic Blast
  5276 | D:6      | Reached skill level 1 in Fighting
  5586 | D:6      | Reached skill level 1 in Polearms
  5882 | D:6      | Reached **** piety under Qazlal
  6014 | D:7      | Identified the +2 hammer of Gupuelun {antimagic, Fragile
                  | rElec rPois rN+}
  6054 | D:7      | Found an opulent altar of Gozag.
  6752 | D:7      | Found a bloodstained altar of Trog.
  6837 | D:7      | Identified a scroll of acquirement
  6837 | D:7      | Acquired the staff of fire "Ixesh" {rF+ rCorr Str+9 Dex-2}
  6887 | D:7      | Reached XP level 10. HP: 45/67 MP: 0/0
  6959 | D:7      | Found a basalt altar of Yredelemnul.
  7234 | D:7      | Found a runed translucent door.
  7235 | D:7      | Noticed Crazy Yiuf
  7328 | D:7      | Found a snail-covered altar of Cheibriados.
  7476 | D:7      | Killed Crazy Yiuf
  8452 | D:9      | Upgraded the game from 0.30-a0-1123-gabc949cf19 to
                  | 0.30-a0-1160-g6e42c06551
  8645 | D:9      | Noticed a two-headed ogre
  8652 | D:9      | Killed a two-headed ogre
  8880 | D:9      | Noticed a two-headed ogre
  8887 | D:9      | Killed a two-headed ogre
  8888 | D:9      | Reached skill level 5 in Fighting
  8958 | D:9      | Found a hide-covered altar of Uskayaw.
  8967 | D:9      | Identified the +8 ring mail of Ubagacu {Str+3}
  9304 | D:10     | Entered Level 10 of the Dungeon
  9404 | D:10     | Reached XP level 11. HP: 72/75 MP: 0/0
  9404 | D:10     | Learned a level 5 spell: Iskenderun's Battlesphere
  9545 | D:10     | Found a blossoming altar of Fedhas.
  9919 | D:10     | Noticed a death yak
  9922 | D:10     | Noticed a death yak
  9929 | D:10     | Noticed a death yak
 10462 | D:10     | Found a staircase to the Lair.
 10492 | D:10     | Noticed a death yak
 10493 | D:10     | Noticed a death yak
 10495 | D:10     | Killed a death yak
 10501 | D:10     | Killed a death yak
 10561 | D:9      | Killed a death yak
 10562 | D:9      | Reached skill level 5 in Polearms
 10784 | D:10     | Killed a death yak
 10788 | D:10     | Killed a death yak
 10789 | D:10     | Reached skill level 1 in Staves
 10789 | D:10     | Reached skill level 1 in Armour
 11270 | D:11     | Reached XP level 12. HP: 59/84 MP: 0/0
 11380 | D:10     | Reached ***** piety under Qazlal
 11444 | D:11     | Noticed a two-headed ogre
 11585 | D:11     | Noticed a two-headed ogre
 11586 | D:11     | Noticed a sixfirhy
 11678 | D:11     | Killed a two-headed ogre
 11865 | D:10     | Killed a two-headed ogre
 11868 | D:10     | Reached skill level 10 in Dodging
 12109 | D:11     | Noticed a sixfirhy
 12118 | D:11     | Reached skill level 10 in Spellcasting
 12385 | D:11     | Found a staircase to the Orcish Mines.
 12668 | D:12     | Noticed a two-headed ogre
 12677 | D:12     | Killed a two-headed ogre
 13202 | D:12     | Noticed a three-headed hydra
 13208 | D:12     | Killed a three-headed hydra
 13652 | D:12     | Reached XP level 13. HP: 36/91 MP: 0/0
 13652 | D:12     | Learned a level 5 spell: Lee's Rapid Deconstruction
 14137 | D:13     | Noticed a centaur warrior
 14481 | Lair:1   | Entered Level 1 of the Lair of Beasts
 14990 | Lair:1   | Noticed Amaemon
 14999 | Lair:1   | Killed Amaemon
 15063 | Lair:1   | Reached skill level 5 in Armour
 15959 | Lair:2   | Noticed a four-headed hydra
 15961 | Lair:2   | Noticed a catoblepas
 15965 | Lair:2   | Killed a four-headed hydra
 16066 | Lair:2   | Reached skill level 5 in Staves
 16079 | Lair:2   | Killed a catoblepas
 16354 | Lair:2   | Noticed a six-headed hydra
 16360 | Lair:2   | Killed a six-headed hydra
 16711 | Lair:2   | Noticed Maggie
 16719 | Lair:2   | Killed Maggie
 17082 | Lair:2   | Found a hole to the Spider Nest.
 17328 | Lair:2   | Found a staircase to the Shoals.
 17336 | Lair:2   | Reached XP level 14. HP: 68/99 MP: 0/0
 17906 | Lair:3   | Reached skill level 1 in Invocations
 18020 | Lair:3   | Noticed Sonja
 18027 | Lair:3   | Killed Sonja
 18228 | Lair:3   | Reached ****** piety under Qazlal
 18519 | Lair:3   | Found a large runed translucent door.
 18519 | Lair:3   | Found a large runed translucent door.
 18520 | Lair:3   | Noticed askman's ghost (journeyman DsMo)
 18961 | Lair:3   | Killed askman's ghost
 19429 | Lair:4   | Noticed Josephine
 19439 | Lair:4   | Killed Josephine
 19634 | Lair:4   | Acquired a manual of Polearms
 19862 | Lair:4   | Identified the +0 leather armour of a Labyrinth {rPois
                  | Int+6 Dex-3}
 20291 | Lair:5   | Entered Level 5 of the Lair of Beasts
 20315 | Lair:5   | HP: 2/101 [cane toad (6)]
 20317 | Lair:4   | Slain by a cane toad

Illustrated notes

Levels and vault maps discovered:
D:1:      dpeg_arrival_simpleton_c, layout_basic,
          hellmonk_ecumenical_altar_crossroads
D:2:      layout_loops_ring
D:3:      layout_rooms, serial_shops, shop, minmay_shallow_snake_nest
D:4:      minmay_chambers_of_fours, layout_loops_ring,
          mainiacjoe_overflow_cross_hatched, uniq_natasha, uniq_blork_the_orc
D:5:      layout_basic, gup_sewer_entry_glass
D:6:      layout_loops_corners, mainiacjoe_overflow_boulevard,
          minmay_temple_entry_hall
D:7:      layout_gridville, cheibrodos_worm_habitat,
          nicolae_overflow_hidden_temple, trog_ov_bears_minmay,
          nicolae_yredelemnul_corpse_copse, uniq_crazy_yiuf_cottage
D:8:      cheibrodos_quashed, layout_loops_ring, kennysheep_mini,
          nicolae_kite_square_tiling_tiny
D:9:      layout_stronghold, nicolae_uskayaw_murder_on_the_dancefloor,
          nicolae_titane
D:10:     layout_stronghold, grunt_temple_overflow_growth_and_decay,
          dpeg_lair_monsters, hangedman_decor_slide_cut, minmay_orc_keep
D:11:     layout_cross, zombieorc2_lemuel
D:12:     layout_basic, hangedman_ranch
D:13:     layout_long_grid, serial_shops, shop
Lair:1:   layout_layer_cave, uniq_amaemon
Lair:2:   layout_small_grid, nicolae_shoals_entry_roost,
          spider_nest_entry_web_field, grunt_megastairs_3, uniq_maggie
Lair:3:   layout_hall_layers, ebering_ghost_disaster_area,
          dreamdust_mushroom_princess, chequers_serial_rivers_large_a,
          infiniplex_staircase_pool_2, uniq_sonja
Lair:4:   layout_cave_pods, grunt_megastairs_2, uniq_josephine
Lair:5:   hangedman_lair_tendril_chambers, layout_big_grid, wormcave,
          dpeg_slime_entry_enclosed, pdpol_lair_neglected_garden,
          serial_bayou_pond_b, st_stairs_5

Skill      XL: |  1  2  3  4  5  6  7  8  9 10 11 12 13 14 |
---------------+-------------------------------------------+-----
Stealth        | 2 3 4 |  4.8
Dodging        | 3 4 5 6 7 8 9 10 11 12 | 12.0
Spellcasting   | 3 4 5 6 7 8 9 10 11 12 | 12.1
Fighting       | 3 5 6 7 8 9 |  9.5
Polearms       | 2 4 5 |  5.3
Staves         | 1 4 5 |  5.6
Armour         | 2 4 6 7 |  7.1
Invocations    | 4 |  4.8

Action                     |  1- 3 |  4- 6 |  7- 9 | 10-12 | 13-15 || total
---------------------------+-------+-------+-------+-------+-------++-------
  Melee: Unarmed           |     1 |       |     1 |       |       ||     2
         Staff             |       |       |       |       |     7 ||     7
   Cast: Foxfire           |    62 |    46 |     3 |    89 |    64 ||   264
         Scorch            |       |    32 |   185 |   229 |   290 ||   736
         Flame Wave        |       |       |     2 |    19 |    20 ||    41
         Iskenderun's Batt |       |       |       |     5 |     3 ||     8
         Iskenderun's Myst |       |       |       |       |     2 ||     2
 Invoke: Elemental Force   |       |       |       |     1 |       ||     1
    Use: Potion            |       |     1 |       |     1 |     3 ||     5
         Scroll            |       |       |    19 |    10 |     2 ||    31
 Armour: Robe              |     7 |     4 |    12 |    20 |       ||    43
         Ring mail         |       |       |       |       |    61 ||    61
  Dodge: Dodged            |    27 |    12 |    48 |    69 |   106 ||   262
         Repelled          |       |       |       |     4 |     1 ||     5
  Block: Other             |     5 |     5 |    31 |    69 |   128 ||   238
         Reflection        |       |       |       |     6 |     3 ||     9

Table legend: (Time is in decaauts)
 A = Elapsed time spent in this place.
 B = Non-inter-level travel time spent in this place.
 C = Inter-level travel time spent in this place.
 D = Time resting spent in this place.
 E = Time spent auto-exploring this place.
 F = Levels seen in this place.
 G = Mean time per level.
                   A        B        C        D        E       F      G
               +--------+--------+--------+--------+--------+-----+--------+
         Total |  20332 |  18997 |   1335 |   2327 |  14263 |  19 | 1070.1 |
       Dungeon |  13947 |  12862 |   1085 |   1528 |   9678 |  13 | 1072.8 |
          Lair |   5840 |   5590 |    250 |    799 |   4165 |   5 | 1168.0 |
         Sewer |    544 |    544 |      0 |      0 |    420 |   1 |  544.0 |
               +--------+--------+--------+--------+--------+-----+--------+

Top non-repeatable levels by time:
    D:10: 2307 daAuts
  Lair:1: 1996 daAuts
    D:12: 1558 daAuts
  Lair:3: 1494 daAuts
     D:7: 1475 daAuts
  Lair:2: 1350 daAuts
     D:6: 1312 daAuts
     D:4: 1306 daAuts
     D:9: 1120 daAuts
    D:11: 1029 daAuts
  Lair:4: 975 daAuts
     D:5: 970 daAuts
     D:8: 897 daAuts
     D:1: 843 daAuts
     D:2: 594 daAuts
